AoeStats
← Kanyaga

Arabia

508322683Analyzed
1v1 RM · 11d ago on Sep 21, 2026· 39m 4s· 2 players
Game mode
Random Map
Map size
Tiny (2 player)
Population
200
Speed
Normal
Resources
Standard
Victory
Conquest
Starting age
Dark Age
Ending age
Imperial Age
RankedLock teamsTeams togetherTeam positionsShared explorationLock speedFull tech treeHidden civsTurbo modeCheats
Victory
Defeat
🇲🇽 Vietnamese · Mexico
1587
+13
🇹🇷 Jurchens · Türkiye
1513
-13
Kanyaga
2:32 Loom
9:14 Feudal Age
9:59 Double-Bit Axe
11:33 Horse Collar
19:59 Castle Age
18:58 Fletching
19:23 Bloodlines
20:14 Padded Archer Armor
20:56 Bow Saw
21:08 Elite Skirmisher
22:55 Bodkin Arrow
26:12 Ballistics
37:12 Wheelbarrow
36:23 Town Watch
37:33 Siege Engineers
37:57 Leather Archer Armor
carlos
6:19 Loom
8:54 Feudal Age
9:22 Double-Bit Axe
12:22 Town Watch
19:43 Castle Age
17:50 Horse Collar
18:53 Fletching
18:55 Gold Mining
19:45 Crossbowman
20:33 Bodkin Arrow
22:06 Bow Saw
21:34 Elite Skirmisher
24:05 Padded Archer Armor
29:30 Leather Archer Armor
31:29 Ballistics
38:14 Imperial Age
36:20 Wheelbarrow
37:37 Heavy Plow
37:53 Hand Cart
38:16 Bloodlines
38:07 Husbandry
38:30 Arbalester
39:11 Bracer
40:12 Two-Man Saw
39:58 Ring Archer Armor
Connection lost

Rejoining the realm…

Still unreachable

The connection could not be restored.

Session expired

The server has moved on; the page needs a fresh start.